 Dungeon Crawl Stone Soup version 0.26-a0-952-g76694b35de (webtiles) character file.

Game seed: 14161129200107020363

198 dolemite99 the Grave Robber (level 5, -3/37 HPs)
             Began as a Gnoll Necromancer on Nov 29, 2020.
             Slain by an orc wizard
             ... wielding a +0 club
              (7 damage)
             ... on level 3 of the Dungeon.
             The game lasted 00:03:43 (3018 turns).

dolemite99 the Grave Robber (Gnoll Necromancer)     Turns: 3018, Time: 00:03:43

Health: -3/37      AC:  4    Str: 11    XL:     5   Next: 77%
Magic:  1/12       EV: 15    Int: 18    God:
Gold:   126        SH:  0    Dex: 15    Spells: 12/14 levels left

rFire    . . .     SeeInvis .   r - +0 dagger (venom)
rCold    . . .     Faith    .   (no shield)
rNeg     . . .     Spirit   .   a - +0 robe
rPois    .         Reflect  .   (no helmet)
rElec    .         Harm     .   u - +1 cloak
rCorr    .         Rampage  .   (no gloves)
MR       .....                  (no boots)
Stlth    +++.......             (no amulet)
HPRegen  0.12/turn              (no ring)
MPRegen  0.13/turn              (no ring)

@: no status effects
A: distributed training, fangs 1, strong nose
a: no special abilities


You were on level 3 of the Dungeon.
You visited 1 branch of the dungeon, and saw 3 of its levels.

You collected 126 gold pieces.

Inventory:

Hand Weapons
 d - a +0 dagger
 k - a +0 whip of venom
 r - a +0 dagger of venom (weapon)
 t - a +0 short sword of electrocution
 x - a +0 shortbow
 y - a +0 quarterstaff
Missiles
 c - 88 arrows
 h - 9 poisoned darts (quivered)
 j - 139 stones
 l - 22 sling bullets
Armour
 a - a +0 robe (worn)
 g - a +0 leather armour
 u - a +1 cloak (worn)
Wands
 q - a wand of flame (31)
Scrolls
 b - 2 scrolls of remove curse {unknown}
 e - a scroll of amnesia {unknown}
 i - a scroll of teleportation
 n - a scroll of noise {unknown}
 o - a scroll of identify {unknown}
 p - a scroll of fear {unknown}
 v - a scroll of blinking {unknown}
 z - a scroll of enchant weapon {unknown}
Potions
 f - a potion of degeneration {unknown}
 m - a potion of flight {unknown}
 s - a potion of resistance {unknown}


   Skills:
 + Level 1.6 Fighting
 + Level 1.6 Short Blades
 + Level 1.6 Long Blades
 + Level 1.6 Axes
 + Level 1.6 Maces & Flails
 + Level 1.6 Polearms
 + Level 1.6 Staves
 + Level 1.6 Slings
 + Level 1.6 Bows
 + Level 1.6 Crossbows
 + Level 1.6 Throwing
 + Level 1.6 Armour
 + Level 4.8 Dodging
 + Level 4.4 Stealth
 + Level 1.6 Shields
 + Level 1.6 Unarmed Combat
 + Level 5.2 Spellcasting
 + Level 1.3 Conjurations
 + Level 1.3 Hexes
 + Level 1.3 Summonings
 + Level 7.2 Necromancy
 + Level 1.3 Translocations
 + Level 1.3 Transmutations
 + Level 1.3 Fire Magic
 + Level 1.3 Ice Magic
 + Level 1.3 Air Magic
 + Level 1.3 Earth Magic
 + Level 1.3 Poison Magic
 + Level 1.8 Invocations
 + Level 1.6 Evocations


You had 12 spell levels left.
You knew the following spells:

 Your Spells              Type           Power        Failure   Level
a - Pain                  Necr           ####         1%          1
b - Animate Skeleton      Necr           ####..       1%          1

Your spell library contained the following spells:

 Spells                   Type           Power        Failure   Level
 Vampiric Draining        Necr           ####......   1%          3
 Animate Dead             Necr           ####......   7%          4
 Agony                    Necr           ####....     19%         5


Dungeon Overview and Level Annotations

Branches:
Dungeon (3/15)

Altars:


Innate Abilities, Weirdness & Mutations

Your experience applies equally to all skills.
You have very sharp teeth.
Your uncanny sense of smell can sniff out nearby items.


Message History

Confirm with . or Enter, or press ? or * to list all spells.
Aiming: Pain (safe; 1% risk of failure)
Press: ? - help, Shift-Dir - straight line, f/p - orc priest
Aim: an orc priest, wielding a +0 short sword (heavily wounded, chance to defeat MR: 84%)
The orc priest writhes in agony.
The orc priest hits you with a +0 short sword.
* * * LOW HITPOINT WARNING * * *
The orc wizard closely misses you. The orc hits you.
* * * LOW HITPOINT WARNING * * *
Casting: Pain (safe; 1% risk of failure)
Confirm with . or Enter, or press ? or * to list all spells.
Aiming: Pain (safe; 1% risk of failure)
Press: ? - help, Shift-Dir - straight line, f/p - orc priest
Aim: an orc priest, wielding a +0 short sword (almost dead, chance to defeat MR: 84%)
The orc priest writhes in agony.
You kill the orc priest!
The orc wizard closely misses you. The orc hits you but does no damage.
You barely miss the orc wizard. The orc barely misses you.
The orc wizard hits you with a +0 club!
You die...

... #.......# ##
#..# #.......# .#
..# #.......# .# #.#
#.......### ^# #.##
#.......'. .# #..#
#......(# .#.##..##
#...).).#
.#.)....###....o).#
.####......รท...(@o#
.....#...###.#######
..##................
.)###.....##.##.#.##
..# #...........#
..# #......#.####
..# #....#[#)# ..#
#....#...# ..#
#....##..# #


You could see an orc wizard and an orc.

Vanquished Creatures
  An orc wizard (D:3)
  2 orc priests (D:3)
  A worker ant (D:2)
  3 adders
  A worm (D:2)
  2 orcs (D:3)
  2 giant cockroaches (D:1)
  8 goblins
  5 hobgoblins
  7 jackals (D:2)
  6 kobolds
  2 ball pythons (D:3)
  4 bats
  2 frilled lizards (D:2)
  13 rats
59 creatures vanquished.

Notes
Turn   | Place    | Note
-------+----------+-------------------------------------------
     0 | D:1      | dolemite99 the Gnoll Necromancer began the quest for the
                  | Orb.
     0 | D:1      | Reached XP level 1. HP: 13/13 MP: 6/6
   358 | D:1      | Reached XP level 2. HP: 17/19 MP: 5/7
   717 | D:1      | You fall into a shaft and drop 1 floor!
   724 | D:2      | Reached XP level 3. HP: 11/25 MP: 2/9
   733 | D:2      | Reached skill level 5 in Spellcasting
  1082 | D:2      | Reached skill level 1 in Invocations
  1496 | D:2      | Reached skill level 1 in Fighting
  1496 | D:2      | Reached skill level 1 in Short Blades
  1496 | D:2      | Reached skill level 1 in Long Blades
  1496 | D:2      | Reached skill level 1 in Axes
  1496 | D:2      | Reached skill level 1 in Maces & Flails
  1496 | D:2      | Reached skill level 1 in Polearms
  1496 | D:2      | Reached skill level 1 in Staves
  1496 | D:2      | Reached skill level 1 in Slings
  1496 | D:2      | Reached skill level 1 in Bows
  1496 | D:2      | Reached skill level 1 in Crossbows
  1496 | D:2      | Reached skill level 1 in Throwing
  1496 | D:2      | Reached skill level 1 in Armour
  1496 | D:2      | Reached skill level 1 in Shields
  1496 | D:2      | Reached skill level 1 in Unarmed Combat
  1496 | D:2      | Reached skill level 1 in Evocations
  1496 | D:2      | Reached XP level 4. HP: 22/32 MP: 4/11
  1691 | D:2      | Learned a level 1 spell: Animate Skeleton
  2046 | D:3      | Reached skill level 1 in Conjurations
  2046 | D:3      | Reached skill level 1 in Hexes
  2046 | D:3      | Reached skill level 1 in Summonings
  2046 | D:3      | Reached skill level 1 in Translocations
  2046 | D:3      | Reached skill level 1 in Transmutations
  2046 | D:3      | Reached skill level 1 in Fire Magic
  2046 | D:3      | Reached skill level 1 in Ice Magic
  2046 | D:3      | Reached skill level 1 in Air Magic
  2046 | D:3      | Reached skill level 1 in Earth Magic
  2046 | D:3      | Reached skill level 1 in Poison Magic
  2571 | D:3      | Reached XP level 5. HP: 33/37 MP: 7/12
  3018 | D:3      | Slain by an orc wizard

Illustrated notes

Levels and vault maps discovered:
D:1:      elethiomel_arrival_diamonds, layout_basic, minivault_11,
          grunt_decor_clamped
D:2:      layout_rooms, minmay_pentomino_r4
D:3:      layout_basic

Skill      XL: |  1  2  3  4 |
---------------+-------------+-----
Spellcasting   | 5 |  5.2
Invocations    | 1 |  1.8
Fighting       | 1 |  1.6
Short Blades   | 1 |  1.6
Long Blades    | 1 |  1.6
Axes           | 1 |  1.6
Maces & Flails | 1 |  1.6
Polearms       | 1 |  1.6
Staves         | 1 |  1.6
Slings         | 1 |  1.6
Bows           | 1 |  1.6
Crossbows      | 1 |  1.6
Throwing       | 1 |  1.6
Armour         | 1 |  1.6
Shields        | 1 |  1.6
Unarmed Combat | 1 |  1.6
Evocations     | 1 |  1.6
Conjurations   | 1 |  1.3
Hexes          | 1 |  1.3
Summonings     | 1 |  1.3
Translocations | 1 |  1.3
Transmutations | 1 |  1.3
Fire Magic     | 1 |  1.3
Ice Magic      | 1 |  1.3
Air Magic      | 1 |  1.3
Earth Magic    | 1 |  1.3
Poison Magic   | 1 |  1.3
Dodging        | |  4.8
Stealth        | |  4.4
Necromancy     | |  7.2

Action                   |  1- 3 |  4- 6 || total
-------------------------+-------+-------++-------
Melee: Whip              |     6 |     5 ||    11
       Bite              |       |     1 ||     1
       Dagger            |       |    14 ||    14
Throw: Dart              |       |    24 ||    24
 Cast: Pain              |    47 |    38 ||    85
  Use: Scroll            |       |     1 ||     1
       Potion            |       |     1 ||     1
 Stab: Sleeping          |       |     1 ||     1
Armor: Robe              |     3 |     4 ||     7
Dodge: Dodged            |    30 |    30 ||    60

Table legend: (Time is in decaauts)
 A = Elapsed time spent in this place.
 B = Non-inter-level travel time spent in this place.
 C = Inter-level travel time spent in this place.
 D = Time resting spent in this place.
 E = Time spent auto-exploring this place.
 F = Levels seen in this place.
 G = Mean time per level.
                   A        B        C        D        E       F      G
               +--------+--------+--------+--------+--------+-----+--------+
         Total |   3016 |   3005 |     11 |   2048 |    371 |   3 | 1005.3 |
       Dungeon |   3016 |   3005 |     11 |   2048 |    371 |   3 | 1005.3 |
               +--------+--------+--------+--------+--------+-----+--------+

Top non-repeatable levels by time:
     D:2: 1822 daAuts
     D:1: 716 daAuts
     D:3: 477 daAuts
